 Dungeon Crawl Stone Soup version 0.30-a0-373-gd37427bb62 (webtiles) character file.

Game seed: 5014355643550576209

270 qeuew the Shield-Bearer (level 6, -3/49 HPs)
             Began as a Formicid Fighter on Nov 24, 2022.
             Slain by an ogre
             ... wielding a +0 giant club
              (28 damage)
             ... on level 4 of the Dungeon.
             The game lasted 00:03:55 (2509 turns).

qeuew the Shield-Bearer (Formicid Fighter)          Turns: 2509, Time: 00:03:55

Health: -3/49      AC:  7    Str: 20    XL:     6   Next: 46%
Magic:  6/6        EV:  9    Int:  8    God:
Gold:   178        SH: 10    Dex: 15    Spells: 5/5 levels left

rFire   . . .      SeeInvis +    a - +1 war axe
rCold   . . .      Faith    .    h - +0 kite shield
rNeg    . . .      Spirit   .    b - +0 scale mail
rPois   .          Reflect  .    (helmet unavailable)
rElec   .          Harm     .    (no cloak)
rCorr   .          Rampage  .    (no gloves)
Will    .....                    (no boots)
Stlth   ..........               (no amulet)
HPRegen 0.28/turn                (no ring)
MPRegen 0.10/turn                (no ring)

@: no status effects
A: permanent stasis, dig shafts and tunnels, antennae 3, four strong arms
a: Dig, Shaft Self


You were on level 4 of the Dungeon.
You visited 1 branch of the dungeon, and saw 4 of its levels.

You collected 178 gold pieces.

Inventory:

Hand Weapons
 a - a +1 war axe (weapon)
Armour
 b - a +0 scale mail (worn)
 h - a +0 kite shield (worn)
Wands
 k - a wand of mindburst (4)
Scrolls
 e - a scroll of enchant armour {unknown}
 i - a scroll of poison {unknown}
 j - 2 scrolls of silence
 l - a scroll of identify {unknown}
Potions
 c - a potion of berserk rage {unknown}
 d - 2 potions of might
 f - a potion of brilliance
 g - a potion of curing


   Skills:
 * Level 4.4 Fighting
 * Level 3.5 Axes
 * Level 4.5 Armour
 + Level 1.2 Dodging
 * Level 5.4 Shields
 + Level 0.0 Evocations


You had 5 spell levels left.
You didn't know any spells.
Your spell library was empty.

Dungeon Overview and Level Annotations

Branches:
Dungeon (4/15)
 Temple: D:4-7

Altars:
Okawaru

Shops:
D:1 [


Innate Abilities, Weirdness & Mutations

You cannot be hasted, slowed, berserked, paralysed or teleported.
You can dig through walls and to a lower floor.
You have a pair of large antennae on your head. (SInv)
Your four strong arms can wield two-handed weapons with a shield.


Message History

You barely miss the hound.
The hound is severely wounded.
The hound barely misses you. The hound bites you but does no damage.
You closely miss the hound.
The hound is severely wounded.
The hound barely misses you. The hound closely misses you.
You hit the hound.
The hound is almost dead.
You block the hound's attack. The hound barely misses you.
The hound misses you.
You slash the hound!
You kill the hound!
No target in view!
No target in view!
You drop the ring "Ubyj Uceidi" {Ice +Blink Str+3 Dex-2}.
There is a stone staircase leading down here.
Found a spear.
Found a stone staircase leading up.
You see here a +0 spear.
No target in view!
l - a scroll labelled OSEROGR IL IDGH You now have 178 gold pieces (gained 11).
You see here a +0 chain mail of willpower.
You sense a monster nearby.
An ogre comes into view. It is wielding a +0 giant club.
Found an iron altar of Okawaru.
The ogre shouts!
The ogre moves out of view.
No target in view!
No target in view!
Found 4 gold pieces.
You hit the ogre but do no damage. The ogre hits you with a +0 giant club!
You hit the ogre.
The ogre is lightly wounded.
The ogre hits you with a +0 giant club!
You closely miss the ogre.
The ogre is lightly wounded.
The ogre hits you with a +0 giant club!!
Ouch! That really hurt!
You die...

#...#.....#
#...##.
#........<...#
###..#.
.......##....###
##.#. ##.##..
#......# #...
#...#.. #..[...#
#... .......
#......# #...
.._.... #.##...#
#...
.......##.##...#
#...
#.O@..##...#
#...
#.#.####...#
###. .$...#
##### ##
......## #
##...## ## ####
#. #. #. #.


You could see an ogre.

Vanquished Creatures
  A necrophage (D:3)
  A hound (D:4)
  An iguana (D:3)
  A jelly (D:4)
  5 adders
  A worm (D:2)
  4 dart slugs
  An orc (D:3)
  5 ball pythons
  6 bats
  3 endoplasms (D:2)
  3 giant cockroaches
  3 goblins (D:3)
  6 hobgoblins
  6 jackals (D:3)
  6 kobolds
  3 quokkas
  2 frilled lizards (D:2)
  4 rats
62 creatures vanquished.

Notes
Turn   | Place    | Note
-------+----------+-------------------------------------------
     0 | D:1      | qeuew the Formicid Fighter began the quest for the Orb.
     0 | D:1      | Reached XP level 1. HP: 18/18 MP: 1/1
   180 | D:1      | Reached XP level 2. HP: 24/24 MP: 2/2
   262 | D:1      | Found Bujicog's Antique Armour Boutique.
   756 | D:2      | Reached XP level 3. HP: 29/29 MP: 3/3
  1233 | D:2      | Found a faded altar of an unknown god.
  1252 | D:2      | Reached XP level 4. HP: 34/37 MP: 4/4
  1590 | D:3      | Noticed a necrophage
  1646 | D:3      | Reached XP level 5. HP: 35/42 MP: 5/5
  2209 | D:3      | Reached skill level 1 in Dodging
  2209 | D:3      | Reached skill level 5 in Shields
  2228 | D:3      | Reached XP level 6. HP: 13/49 MP: 6/6
  2442 | D:4      | Identified the ring "Ubyj Uceidi" {Ice +Blink Str+3 Dex-2}
  2504 | D:4      | Found an iron altar of Okawaru.
  2504 | D:4      | Noticed an ogre
  2509 | D:4      | Slain by an ogre

Illustrated notes

Levels and vault maps discovered:
D:1:      evilmike_arrival_fibonacci_small, layout_basic, serial_shops, shop,
          chequers_serial_rivers_micro_e, minivault_4
D:2:      layout_basic, shapermc_ecumenical_altar_mp_highgroup,
          kennysheep_generic_room_12
D:3:      layout_loops_ring, grunt_ministairs_10, lightli_corner_chamber
D:4:      layout_basic, okawaru_gym_becter, nicolae_dithmenos_shadow_blocks

Skill      XL: |  1  2  3  4  5 |
---------------+----------------+-----
Axes           | 3 |  3.5
Armour         | 4 |  4.5
Fighting       | 4 |  4.4
Dodging        | 1 |  1.2
Shields        | 5 |  5.4

Action                   |  1- 3 |  4- 6 || total
-------------------------+-------+-------++-------
Melee: War axe           |    91 |   110 ||   201
 Abil: Dig               |       |     2 ||     2
  Use: Scroll            |     2 |     2 ||     4
       Potion            |     1 |     4 ||     5
Armor: Scale mail        |    33 |    55 ||    88
Dodge: Dodged            |    55 |    55 ||   110
Block: Buckler           |    30 |    27 ||    57
       Kite shield       |       |    20 ||    20

Table legend: (Time is in decaauts)
 A = Elapsed time spent in this place.
 B = Non-inter-level travel time spent in this place.
 C = Inter-level travel time spent in this place.
 D = Time resting spent in this place.
 E = Time spent auto-exploring this place.
 F = Levels seen in this place.
 G = Mean time per level.
                   A        B        C        D        E       F      G
               +--------+--------+--------+--------+--------+-----+--------+
         Total |   2593 |   2434 |    159 |      0 |   1880 |   4 |  648.2 |
       Dungeon |   2593 |   2434 |    159 |      0 |   1880 |   4 |  648.2 |
               +--------+--------+--------+--------+--------+-----+--------+

Top non-repeatable levels by time:
     D:3: 1060 daAuts
     D:1: 723 daAuts
     D:2: 681 daAuts
     D:4: 128 daAuts
